General information
- name: BNet
- type: Ladder team game (AT/RT)
- host: Battle.net
- saver: aMurchadha
map: LostTemple
- players: 4
- length: 18:22
- speed: Fast
- version: 1.23 W3XP
- replay type: Public
» download(94 KB)
Players
team 1 (loser)
digital_rape (
orange | 60 APM | 1088 actions | 18:15)
4 Warden
2 Shadow Strike
2 Fan of Knives
2 Keeper of the Grove
1 Entangling Roots
1 Force of Nature
» actions
| Basic commands | 2 | |
| Build / train | 88 | |
| Enter build submenu | 25 | |
| Enter hero's abilities submenu | 6 | |
| Give item / drop item | 1 | |
| Remove unit from queue | 5 | |
| Right click | 462 | |
| Select / deselect | 374 | |
| Use ability | 125 | |
1088 total
» units
| Wisp | 26 | |
| Archer | 3 | |
| Huntress | 3 | |
| Druid of the Claw | 4 | |
| Dryad | 2 | |
| Goblin Shredder | 3 | |
| Chimaera | 2 | |
| Faerie Dragon | 3 | |
46 total
» upgrades
| Druid of the Claw Training | 2 | |
| Reinforced Hides | 2 | |
| Strength of the Wild | 1 | |
| Abolish Magic | 1 | |
| Druid of the Talon Training | 1 | |
7 total
» buildings
| Moon Well | 7 | |
| Altar of Elders | 1 | |
| Ancient of War | 2 | |
| Hunter's Hall | 2 | |
| Tree of Life | 1 | |
| Tree of Ages | 2 | |
| Ancient Protector | 2 | |
| Tree of Eternity | 1 | |
| Ancient of Lore | 2 | |
| Ancient of Wonders | 1 | |
| Ancient of Wind | 1 | |
| Chimaera Roost | 1 | |
23 total
» build order
00:21 Moon Well
00:34 Altar of Elders
01:10 Ancient of War
01:19 Moon Well
01:59 Hunter's Hall
02:03 Hunter's Hall
04:05 Tree of Life
04:15 Moon Well
04:46 Tree of Ages
06:29 Ancient of War
06:32 Ancient Protector
06:34 Ancient Protector
07:15 Tree of Eternity
07:44 Ancient of Lore
08:16 Ancient of Wonders
08:20 Ancient of Lore
11:21 Moon Well
11:35 Moon Well
12:02 Ancient of Wind
14:30 Chimaera Roost
15:08 Moon Well
15:09 Moon Well
» items
| Potion of Healing | 4 | |
| Potion of Mana | 1 | |
| Lesser Clarity Potion | 3 | |
| Moonstone | 2 | |
| Staff of Preservation | 2 | |
| Scroll of Town Portal | 3 | |
15 total
orc-boner (
purple | 50 APM | 914 actions | 18:21)
3 Death Knight
2 Death Coil
1 Unholy Aura
3 Crypt Lord
2 Carrion Beetles
1 Spiked Carapace
» actions
| Basic commands | 24 | |
| Build / train | 60 | |
| Enter build submenu | 26 | |
| Enter hero's abilities submenu | 6 | |
| Right click | 423 | |
| Select / deselect | 314 | |
| Use ability | 61 | |
914 total
» units
| Acolyte | 10 | |
| Ghoul | 9 | |
| Crypt Fiend | 7 | |
| Necromancer | 5 | |
| Obsidian Statue | 2 | |
| Abomination | 3 | |
36 total
» upgrades
» buildings
| Ziggurat | 11 | |
| Crypt | 1 | |
| Graveyard | 1 | |
| Altar of Darkness | 1 | |
| Tomb of Relics | 2 | |
| Halls of the Dead | 1 | |
| Spirit Tower | 6 | |
| Nerubian Tower | 1 | |
| Temple of the Damned | 2 | |
| Slaughterhouse | 2 | |
| Black Citadel | 1 | |
29 total
» build order
00:07 Ziggurat
00:10 Crypt
00:40 Graveyard
00:59 Altar of Darkness
01:27 Ziggurat
02:17 Tomb of Relics
02:54 Ziggurat
04:59 Halls of the Dead
05:57 Ziggurat
05:59 Ziggurat
06:01 Ziggurat
07:00 Spirit Tower
07:01 Spirit Tower
07:02 Nerubian Tower
07:46 Temple of the Damned
07:52 Slaughterhouse
08:23 Temple of the Damned
09:01 Black Citadel
10:13 Ziggurat
10:16 Ziggurat
10:36 Ziggurat
10:38 Ziggurat
11:20 Spirit Tower
11:22 Spirit Tower
12:21 Spirit Tower
12:38 Spirit Tower
13:22 Slaughterhouse
13:44 Ziggurat
15:04 Tomb of Relics
» items
| Rod of Necromancy | 2 | |
| Scroll of Town Portal | 2 | |
| Potion of Healing | 1 | |
5 total
team 2 (winner)
aMurchadha (
pink | 113 APM | 2075 actions | 18:22)
5 Mountain King
3 Storm Bolt
2 Bash
1 Paladin
1 Holy Light
» actions
| Assign group hotkey | 32 | |
| Basic commands | 74 | |
| Build / train | 80 | |
| Enter build submenu | 24 | |
| Enter hero's abilities submenu | 6 | |
| Remove unit from queue | 1 | |
| Right click | 893 | |
| Select / deselect | 325 | |
| Select group hotkey | 570 | |
| Use ability | 70 | |
2075 total
» units
| Peasant | 11 | |
| Footman | 12 | |
| Mortar Team | 9 | |
| Knight | 5 | |
| Flying Machine | 6 | |
43 total
» upgrades
| Defend | 1 | |
| Masonry | 2 | |
| Gunpowder | 3 | |
| Flare | 1 | |
| Plating | 3 | |
| Fragmentation Shards | 1 | |
| Animal War Training | 1 | |
| Flak Cannons | 1 | |
| Armor | 1 | |
14 total
» buildings
| Altar of Kings | 1 | |
| Farm | 13 | |
| Barracks | 1 | |
| Scout Tower | 11 | |
| Arcane Tower | 1 | |
| Lumber Mill | 1 | |
| Guard Tower | 5 | |
| Keep | 1 | |
| Blacksmith | 1 | |
| Castle | 1 | |
| Workshop | 1 | |
| Arcane Vault | 2 | |
39 total
» build order
00:06 Altar of Kings
00:12 Farm
00:17 Barracks
00:41 Farm
01:32 Scout Tower
01:57 Scout Tower
02:03 Scout Tower
02:04 Scout Tower
02:04 Scout Tower
02:05 Scout Tower
02:26 Farm
02:29 Arcane Tower
02:36 Lumber Mill
03:24 Scout Tower
03:26 Scout Tower
03:27 Scout Tower
03:28 Scout Tower
03:54 Guard Tower
03:58 Guard Tower
04:22 Guard Tower
04:48 Keep
04:55 Guard Tower
06:33 Guard Tower
06:37 Blacksmith
06:55 Farm
06:56 Farm
06:58 Farm
07:54 Castle
08:03 Workshop
09:17 Farm
09:18 Farm
09:20 Farm
13:20 Arcane Vault
13:24 Arcane Vault
13:41 Farm
13:43 Farm
16:07 Farm
16:08 Farm
» items
| Scroll of Town Portal | 1 | |
| Scroll of Regeneration | 1 | |
| Orb of Fire | 1 | |
| Potion of Mana | 1 | |
4 total
atlantagrape (
red | 68 APM | 1248 actions | 18:21)
5 Paladin
3 Holy Light
2 Divine Shield
4 Mountain King
2 Storm Bolt
2 Bash
» actions
| Assign group hotkey | 22 | |
| Basic commands | 142 | |
| Build / train | 81 | |
| ESC pressed | 3 | |
| Enter build submenu | 31 | |
| Enter hero's abilities submenu | 9 | |
| Give item / drop item | 1 | |
| Remove unit from queue | 1 | |
| Right click | 402 | |
| Select / deselect | 355 | |
| Select group hotkey | 139 | |
| Use ability | 62 | |
1248 total
» units
| Peasant | 19 | |
| Footman | 12 | |
| Priest | 4 | |
| Sorceress | 3 | |
| Spell Breaker | 1 | |
39 total
» upgrades
| Masonry | 1 | |
| Lumber Harvesting | 2 | |
| Swords | 2 | |
| Plating | 1 | |
| Priest Training | 2 | |
| Sorceress Training | 2 | |
| Storm Hammers | 1 | |
| Animal War Training | 1 | |
12 total
» buildings
| Altar of Kings | 1 | |
| Barracks | 1 | |
| Farm | 7 | |
| Scout Tower | 7 | |
| Arcane Tower | 1 | |
| Lumber Mill | 1 | |
| Town Hall | 1 | |
| Guard Tower | 7 | |
| Keep | 1 | |
| Blacksmith | 1 | |
| Arcane Sanctum | 2 | |
| Gryphon Aviary | 1 | |
| Castle | 1 | |
| Arcane Vault | 1 | |
33 total
» build order
00:07 Altar of Kings
00:19 Barracks
00:35 Farm
00:49 Farm
01:30 Scout Tower
01:41 Farm
02:01 Arcane Tower
02:44 Lumber Mill
03:19 Town Hall
03:23 Scout Tower
03:34 Scout Tower
03:54 Guard Tower
04:22 Guard Tower
04:30 Scout Tower
05:07 Guard Tower
06:49 Keep
06:59 Farm
07:46 Blacksmith
08:00 Scout Tower
08:02 Scout Tower
08:50 Guard Tower
09:28 Farm
09:32 Scout Tower
09:43 Arcane Sanctum
10:48 Guard Tower
11:29 Arcane Sanctum
12:50 Gryphon Aviary
13:09 Castle
13:15 Farm
13:24 Arcane Vault
16:25 Farm
16:53 Guard Tower
16:54 Guard Tower
» items
| Scroll of Town Portal | 1 | |
| Potion of Healing | 2 | |
| Ivory Tower | 3 | |
| Potion of Mana | 2 | |
8 total
Chat log
(00:20 / All) aMurchadha: hihi where frm??
(01:39 / All) orc-boner: i just said that
(01:48 / All) aMurchadha: mm2